 Dungeon Crawl Stone Soup version 0.30-a0-738-g116ff8c4af (webtiles) character file.

Game seed: 9647777914282428651

9 theblackgale the Chopper (level 2, -3/27 HPs)
             Began as a Hill Orc Monk on Feb 3, 2023.
             Slain by a goblin
             ... wielding a +0 club
              (5 damage)
             ... on level 4 of the Dungeon.
             The game lasted 00:01:45 (224 turns).

theblackgale the Chopper (Hill Orc Monk)             Turns: 224, Time: 00:01:45

Health: -3/27      AC:  2    Str: 13    XL:     2   Next: 16%
Magic:  2/2        EV: 12    Int: 10    God:
Gold:   48         SH:  0    Dex: 13    Spells: 1/1 levels left

rFire   . . .      SeeInvis .    a - +0 hand axe
rCold   . . .      Faith    .    (no shield)
rNeg    . . .      Spirit   .    b - +0 robe
rPois   .          Reflect  .    (no helmet)
rElec   .          Harm     .    (no cloak)
rCorr   .          Rampage  .    (no gloves)
Will    .....                    (no boots)
Stlth   ++                       (no amulet)
HPRegen 0.24/turn                (no ring)
MPRegen 0.08/turn                (no ring)

@: lethally poisoned (-3 -> -7)
A: no striking features
a: no special abilities


You were on level 4 of the Dungeon.
You visited 1 branch of the dungeon, and saw 4 of its levels.

You collected 48 gold pieces.

Inventory:

Hand Weapons
 a - a +0 hand axe (weapon)
Armour
 b - a +0 robe (worn)
Scrolls
 f - a scroll of fear {unknown}
Potions
 c - a potion of ambrosia
 d - a potion of might {unknown}
 e - a potion of mutation {unknown}
 g - 2 potions of degeneration {unknown}


   Skills:
 + Level 3.9 Fighting
 + Level 4.2 Axes
 + Level 2.6 Dodging
 + Level 1.5 Stealth


You had one spell level left.
You didn't know any spells.
Your spell library was empty.

Dungeon Overview and Level Annotations

Branches:
Dungeon (4/15)
 Temple: D:4-7

Altars:
Qazlal

Annotations:
D:4 Robin


Message History

A kobold comes into view. It is wielding a +0 dagger.
The endoplasm jiggles.
Robin throws the goblin at you!
You completely miss the goblin. You barely miss the goblin.
The goblin hits you with a +1 dagger of venom.
You are poisoned.
The goblin hits you but does no damage. Robin throws the goblin at you!
The goblin hits you but does no damage.
You barely miss the goblin. You hit the goblin. x2
You kill the goblin!
You hit the goblin.
You kill the goblin!
You feel very sick.
A hobgoblin comes into view.
An orc comes into view. It is wielding a +0 club.
Robin roars a battlecry!
The goblins go into a battle-frenzy!
The goblin barely misses you.
You have reached level 2!
You hit the hobgoblin.
The hobgoblin is severely wounded.
You hit the goblin.
You kill the goblin!
You hit the goblin.
You kill the goblin!
You barely miss the goblin.
You feel sick. The goblin hits you with a +0 club.
The hobgoblin completely misses you.
An ufetubus comes into view.
You hit the hobgoblin but do no damage.
The hobgoblin is severely wounded.
You hit the endoplasm. You hit the hobgoblin. You barely miss the goblin.
You feel sick.
A ball python comes into view.
The hobgoblin hits you.
* * * LOW HITPOINT WARNING * * *
The endoplasm hits you.
* * * LOW HITPOINT WARNING * * *
Robin roars a battlecry!
The goblin hits you with a +0 club.
You die...

##..# #.#
#.#...####.#
###!#......#.#
$.#.#.####.#.#
#.#.#.# #.#.# #.
#.#.#.# #.#.#
#..##.#.#.# #.#.#
#...(.gJ..####.#.#
#J@..........#
#gg#######.###
#Kg# #.# ..g.# #.#
.....# ...
g..g#..# ...
##g5#.o. .....
S..#..# .....


You could see Robin, an orc, an ufetubus, 2 endoplasms, 4 hobgoblins, 2 goblins,
a ball python and a kobold.

Vanquished Creatures
  A ball python (D:2)
  An endoplasm (D:2)
  4 goblins (D:4)
  A bat (D:1)
  A kobold (D:2)
8 creatures vanquished.

Notes
Turn   | Place    | Note
-------+----------+-------------------------------------------
     0 | D:1      | theblackgale the Hill Orc Monk began the quest for the Orb.
     0 | D:1      | Reached XP level 1. HP: 19/19 MP: 1/1
    99 | D:1      | You fall into a shaft and drop 1 floor!
   157 | D:3      | Found a stormy altar of Qazlal.
   159 | D:3      | Noticed an air elemental
   162 | D:3      | Noticed an earth elemental
   162 | D:3      | Noticed a water elemental
   162 | D:3      | Noticed a fire elemental
   219 | D:4      | Noticed Robin
   223 | D:4      | Reached XP level 2. HP: 19/27 MP: 2/2
   224 | D:4      | Slain by a goblin

Illustrated notes

Levels and vault maps discovered:
D:1:      elethiomel_arrival_maze, layout_loops_ring, minmay_tetromino_l4
D:2:      kennysheep_six_static_rooms, layout_basic,
          shapermc_ecumenical_altar_mp_highgroup, basic_altar, serial_shops,
          shop, serial_bayou_crossing
D:3:      layout_loops_ring, nicolae_qazlal_style_of_elements,
          cheibrodos_sewer_entry_sluice
D:4:      layout_loops_ring, uniq_robin, uniq_pikel

Action                     || total
---------------------------++-------
  Melee: Hand axe          ||    10
         Punch             ||     1
 Armour: Robe              ||     5
  Dodge: Dodged            ||     3

Table legend: (Time is in decaauts)
 A = Elapsed time spent in this place.
 B = Non-inter-level travel time spent in this place.
 C = Inter-level travel time spent in this place.
 D = Time resting spent in this place.
 E = Time spent auto-exploring this place.
 F = Levels seen in this place.
 G = Mean time per level.
                   A        B        C        D        E       F      G
               +--------+--------+--------+--------+--------+-----+--------+
         Total |    224 |     49 |    175 |      0 |      0 |   4 |   56.0 |
       Dungeon |    224 |     49 |    175 |      0 |      0 |   4 |   56.0 |
               +--------+--------+--------+--------+--------+-----+--------+

Top non-repeatable levels by time:
     D:1: 99 daAuts
     D:2: 57 daAuts
     D:4: 50 daAuts
     D:3: 17 daAuts
